 Dungeon Crawl Stone Soup version 0.28-a0-631-g0446da8ef9 (webtiles) character file.

Game seed: 18291914090773087587

77 gruber the Chiller (level 4, 0/30 HPs)
             Began as a Demonspawn Ice Elementalist on Oct 9, 2021.
             Slain by Sigmund (10 damage)
             ... on level 2 of the Dungeon.
             The game lasted 00:03:07 (2506 turns).

gruber the Chiller (Demonspawn Ice Elementalist)    Turns: 2506, Time: 00:03:08

Health: 0/30       AC:  3    Str: 14    XL:     4   Next: 13%
Magic:  3/8        EV: 12    Int: 17    God:
Gold:   95         SH:  0    Dex: 14    Spells: 5/9 levels left

rFire   . . .      SeeInvis .   d - +1 dagger (speed)
rCold   . . .      Faith    .   (no shield)
rNeg    . . .      Spirit   .   a - +0 robe
rPois   .          Reflect  .   (no helmet)
rElec   .          Harm     .   (no cloak)
rCorr   .          Rampage  .   (no gloves)
Will    .....                   (no boots)
Stlth   ++........              (no amulet)
HPRegen 0.10/turn               k - +6 ring of strength
MPRegen 0.11/turn               (no ring)

@: freezing walls
A: sharp scales 1, demonic touch 1
a: no special abilities


You were on level 2 of the Dungeon.
You visited 1 branch of the dungeon, and saw 2 of its levels.

You collected 95 gold pieces.

Inventory:

Hand Weapons
 d - a +1 dagger of speed (weapon)
Armour
 a - a +0 robe (worn)
Magical Staves
 i - a staff of conjuration
Jewellery
 k - a +6 ring of strength (left hand)
Wands
 l - a wand of charming (4)
Scrolls
 c - a scroll of noise {unknown}
 e - 2 scrolls of identify {unknown}
 f - 2 scrolls of magic mapping {unknown}
 h - a scroll of torment {unknown}
 m - a scroll of fog {unknown}
Potions
 b - a potion of curing {unknown}
 g - a potion of flight {unknown}
 j - a potion of invisibility {unknown}
 n - a potion of attraction {unknown}


   Skills:
 - Level 1.7 Dodging
 - Level 1.7 Stealth
 - Level 3.0 Spellcasting
 + Level 4.6 Ice Magic


You had 5 spell levels left.
You knew the following spells:

 Your Spells              Type           Power      Damage    Failure   Level
a - Freeze                Ice            72%        1d9       2%          1
b - Frozen Ramparts       Ice            36%        1d5       8%          3

Your spell library contained the following spells:

 Spells                   Type           Power      Damage    Failure   Level
 Ozocubu's Armour         Ice            18%        N/A       8%          3
 Pain                     Necr           8%         1d4       17%         1
 Hailstorm                Conj/Ice       10%        3d5       56%         4
 Agony                    Necr           2%         N/A       99%         5
 Excruciating Wounds      Necr           1%         N/A       99%         5


Dungeon Overview and Level Annotations

Branches:
Dungeon (2/15)

Altars:

Annotations:
D:2 Jessica, Sigmund


Innate Abilities, Weirdness & Mutations

You are partially covered in razor-sharp scales. (AC +1, Slay +1)
Your touch may inflict minor irresistible damage on your foes.


Message History

Okay, then.
Unknown command.
The wall freezes Sigmund.
Sigmund closely misses you.
Unknown command.
Unknown command.
The wall freezes Sigmund.
Sigmund hits you from afar with a +0 scythe!
Unknown command.
Unknown command.
Unknown command.
Unknown command.
The wall freezes Sigmund.
Sigmund gestures wildly while chanting.
Sigmund flickers and vanishes!
Deactivating autopickup; reactivate with Ctrl-A.
Unknown command.
Unknown command.
The wall freezes something.
Something hits you!
Unknown command.
Unknown command.
The wall freezes something.
Something hits you.
* * * LOW HITPOINT WARNING * * *
Unknown command.
Unknown command.
The frozen ramparts melt away.
Unknown command.
Unknown command.
Unknown command.
Casting: Frozen Ramparts (quite dangerous; 8% risk of failure)
Confirm with . or Enter, or press ? or * to list all spells.
You can't see any susceptible monsters within range! (Use Z to cast anyway.)
There is a strange disturbance nearby!
Casting: Frozen Ramparts (quite dangerous; 8% risk of failure)
Confirm with . or Enter, or press ? or * to list all spells.
The spell is quite dangerous to cast (8% risk of failure)!
Continue anyway?
Casting: Frozen Ramparts (quite dangerous; 8% risk of failure)
Press: ? - help, Dir - look around, f - activate The walls around you are covered in ice.
The wall freezes something.
Something hits you!
You die...

.. ##### #. #...#
#.###### ###.#.#
#......###...#.#
#..........#.#.#
###......#####.#.#
.........# #.#.#
###......# #.#.#
#...#### #.#@#
#....##### #.#.###
#>...........#.{.#
#.....######
###.......
#.....#######
###.@..
###....#......###
..#
..#...#.........#
.
................#
....##..........##


There were no monsters in sight!

Vanquished Creatures
  Terence (D:2)
  2 adders (D:2)
  A worm (D:2)
  3 endoplasms
  3 giant cockroaches
  A hobgoblin (D:1)
  2 jackals (D:1)
  3 ball pythons
  3 bats
  4 goblins
  7 kobolds
  4 rats
34 creatures vanquished.

Notes
Turn   | Place    | Note
-------+----------+-------------------------------------------
     0 | D:1      | gruber the Demonspawn Ice Elementalist began the quest for
                  | the Orb.
     0 | D:1      | Reached XP level 1. HP: 13/13 MP: 3/3
   597 | D:1      | Reached skill level 4 in Ice Magic
   597 | D:1      | Gained mutation: You are partially covered in razor-sharp
                  | scales. (AC +1, Slay +1) [demonic ancestry]
   597 | D:1      | Reached XP level 2. HP: 11/19 MP: 0/5
   822 | D:1      | Found a faded altar of an unknown god.
  1548 | D:2      | Gained mutation: Your touch may inflict minor irresistible
                  | damage on your foes. [demonic ancestry]
  1548 | D:2      | Reached XP level 3. HP: 17/24 MP: 2/6
  1757 | D:2      | Learned a level 3 spell: Frozen Ramparts
  1924 | D:2      | Noticed Jessica
  2083 | D:2      | Noticed Terence
  2166 | D:2      | Killed Terence
  2167 | D:2      | Reached XP level 4. HP: 10/30 MP: 4/8
  2491 | D:2      | Noticed Sigmund
  2506 | D:2      | Slain by Sigmund

Illustrated notes

Levels and vault maps discovered:
D:1:      minmay_arrival_doors, layout_loops_corners,
          shapermc_ecumenical_altar_notcrosses
D:2:      layout_rooms, basic_altar, serial_co_window_serial,
          co_window_of_opportunity_a, co_window_paths_a, co_window_corner_a,
          co_window_of_opportunity_a, co_window_corner_a, co_window_paths_a,
          co_window_broadway_a, co_window_corner_b, co_window_unsneaky_path_c,
          co_window_2corner, uniq_terence, uniq_jessica, uniq_sigmund

Skill      XL: |  1  2  3 |
---------------+----------+-----
Ice Magic      | 4 |  4.6
Spellcasting   | 3 |  3.0
Dodging        | |  1.7
Stealth        | |  1.7

Action                   |  1- 3 |  4- 6 || total
-------------------------+-------+-------++-------
Melee: Dagger            |    63 |     6 ||    69
       Unarmed           |     3 |       ||     3
       Touch             |     1 |     1 ||     2
 Cast: Freeze            |    33 |       ||    33
       Frozen Ramparts   |     1 |     2 ||     3
 Stab: Sleeping          |     3 |       ||     3
Armor: Robe              |    16 |     2 ||    18
Dodge: Dodged            |    37 |     2 ||    39

Table legend: (Time is in decaauts)
 A = Elapsed time spent in this place.
 B = Non-inter-level travel time spent in this place.
 C = Inter-level travel time spent in this place.
 D = Time resting spent in this place.
 E = Time spent auto-exploring this place.
 F = Levels seen in this place.
 G = Mean time per level.
                   A        B        C        D        E       F      G
               +--------+--------+--------+--------+--------+-----+--------+
         Total |   2482 |   2454 |     28 |    203 |   1905 |   2 | 1241.0 |
       Dungeon |   2482 |   2454 |     28 |    203 |   1905 |   2 | 1241.0 |
               +--------+--------+--------+--------+--------+-----+--------+

Top non-repeatable levels by time:
     D:1: 1457 daAuts
     D:2: 1024 daAuts
